 Dungeon Crawl Stone Soup version 0.32-a0-41-gec2d92a32c (webtiles) character file.

Game seed: 4290188368481374480

11888 pokeman the Eclecticist (level 11, 0/63 HPs)
             Began as a Deep Elf Hedge Wizard on Jan 25, 2024.
             Was a Believer of Vehumet.
             Incinerated by a smoke demon (16 damage)
             ... with a pyre arrow
             ... in a Gauntlet.
             The game lasted 00:33:22 (13873 turns).

pokeman the Eclecticist (Deep Elf Hedge Wizard)    Turns: 13873, Time: 00:33:23

Health: 0/63       AC: 11    Str: 10    XL:     11   Next: 55%
Magic:  13/32      EV: 12    Int: 27    God:    Vehumet [**....]
Gold:   462        SH:  0    Dex: 14    Spells: 18/41 levels left

rFire   . . .        J - +8 great sword of Hell's Wrath {venom, rElec}
rCold   . . .        (shield currently unavailable)
rNeg    . . .        c - +0 acid dragon scales
rPois   .            R - +0 helmet {Int+3}
rElec   +            (no cloak)
rCorr   +            L - +1 pair of gloves {Str+3}
SInv    +            u - +0 pair of boots
Will    ++...        (no amulet)
Stlth   +            m - ring of see invisible
HPRegen 0.30/turn    C - ring of willpower
MPRegen 0.23/turn

%: no teleportation
@: on fire, glowing
A: no striking features
a: Renounce Religion


You were in a Gauntlet.
You worshipped Vehumet.
Vehumet was pleased with you.
You visited 2 branches of the dungeon, and saw 12 of its levels.
You also visited: Sewer, Bailey and Gauntlet.

You collected 600 gold pieces.
You spent 138 gold pieces at shops.

Inventory:

Hand Weapons
 b - a +2 whip of electrocution
 x - a +2 morningstar of pain
 J - the +8 great sword of Hell's Wrath (weapon) {venom, rElec}
   (You found it in a bailey)

   rElec:     It insulates you from electricity.
Missiles
 q - 4 curare-tipped darts
Armour
 c - +0 acid dragon scales (worn)
 r - an orb of energy
 u - a +0 pair of boots (worn)
 K - the +8 orange crystal plate armour {Archmagi, Int+3 Clar}
   (You found it in a bailey)

   Int+3:     It affects your intelligence (+3).
   Clar:      It protects you from confusion, rage, mesmerisation and fear.
 L - a +1 pair of gloves of strength (worn)
 R - a +0 helmet of intelligence (worn)
Magical Staves
 e - a staff of conjuration
Jewellery
 m - a ring of see invisible (left hand)
 C - a ring of willpower (right hand)
 Q - a ring of fire
Wands
 H - a wand of roots (12)
 P - a wand of mindburst (9)
Scrolls
 a - a scroll of revelation
 f - 2 scrolls of blinking {unknown}
 g - 4 scrolls of poison {unknown}
 h - 6 scrolls of teleportation {unknown}
 k - 3 scrolls of enchant armour {unknown}
 l - 3 scrolls of vulnerability {unknown}
 o - 7 scrolls of identify
 p - a scroll of brand weapon {unknown}
 y - a scroll of immolation {unknown}
 B - 6 scrolls of enchant weapon {unknown}
 F - a scroll of silence {unknown}
 N - a scroll of noise {unknown}
 O - 3 scrolls of fog {unknown}
Potions
 d - 3 potions of magic
 i - 4 potions of heal wounds {unknown}
 j - 2 potions of haste
 n - 2 potions of berserk rage {unknown}
 s - 4 potions of resistance {unknown}
 v - a potion of attraction {unknown}
 w - a potion of cancellation {unknown}
 z - 3 potions of invisibility {unknown}
 A - 6 potions of curing {unknown}
 D - 2 potions of lignification {unknown}
 E - 2 potions of might {unknown}
 G - a potion of mutation {unknown}
 M - 2 potions of brilliance {unknown}


   Skills:
 - Level 5.0 Fighting
 + Level 4.3 Armour
 - Level 3.0 Dodging
 - Level 3.1 Stealth
 * Level 15.7 Spellcasting
 + Level 9.2 Conjurations
 - Level 1.1 Summonings
 - Level 3.0 Necromancy
 - Level 1.1 Translocations
 + Level 6.4 Fire Magic
 - Level 1.0 Ice Magic
 - Level 1.0 Air Magic
 - Level 3.0 Earth Magic
 - Level 1.0 Alchemy
 - Level 2.0 Evocations


You had 18 spell levels left.
You knew the following spells:

 Your Spells              Type           Power      Damage    Failure   Level
a - Magic Dart            Conj           100%       1d8       1%          1
b - Mephitic Cloud        Conj/Alch/Air  41%        N/A       2%          3
c - Call Imp              Summ           54%        N/A       3%          2
d - Blink                 Tloc           54%        N/A       3%          2
e - Foxfire               Conj/Fire      100%       2x1d9     1%          1
f - Stone Arrow           Conj/Erth      100%       3d13      1%          3
g - Starburst             Conj/Fire      29%        6d9       22%         6
h - Freezing Cloud        Conj/Ice/Air   20%        6-21      22%         5

Your spell library contained the following spells:

 Spells                   Type           Power      Damage    Failure   Level
 Hailstorm                Conj/Ice       48%        3d10      1%          3
 Sting                    Conj/Alch      100%       1d9       1%          1
 Static Discharge         Conj/Air       96%        3-7/arc   1%          2
 Dazzling Flash           Conj/Hex       92%        N/A       1%          3
 Cigotuvi's Dreadful Rot  Necr/Alch/Air  60%        N/A       2%          2
 Volatile Blastmotes      Fire/Tloc      82%        2d16      2%          3
 Slow                     Hex            84%        N/A       3%          1
 Mercury Vapours          Alch/Air       52%        N/A       3%          2
 Fugue of the Fallen      Necr           37%        N/A       3%          3
 Gell's Gravitas          Tloc           27%        N/A       7%          3
 Teleport Other           Tloc           27%        N/A       7%          3
 Ozocubu's Armour         Ice            26%        N/A       8%          3
 Ignite Poison            Fire/Alch      41%        N/A       8%          4
 Animate Armour           Summ/Erth      64%        N/A       16%         4
 Airstrike                Air            13%        2d(2-18)  24%         4
 Manifold Assault         Tloc           27%        N/A       24%         4
 Olgreb's Toxic Radiance  Alch           26%        N/A       24%         4
 Summon Lightning Spire   Summ/Air       26%        N/A       24%         4
 Dispersal                Tloc           13%        N/A       98%         6
 Lehudib's Crystal Spear  Conj/Erth      26%        10d7      100%        8
 Maxwell's Capacitive Co  Air            13%        ∞         100%        8


Dungeon Overview and Level Annotations

Branches:
Dungeon (11/15)            Temple (1/1) D:7            Lair (0/5) D:9
  Sewer (visited)          Bailey (visited)         Gauntlet (1/1)
    Orc: D:9-12

Altars:
Ashenzari
Cheibriados
Dithmenos
Elyvilon
Fedhas
Gozag
Hepliaklqana
Kikubaaqudgha
Makhleb
Nemelex Xobeh
Okawaru
Qazlal
Ru
Sif Muna
Trog
Uskayaw
Vehumet
Wu Jian
Xom
Yredelemnul
Zin
The Shining One

Shops:
D:3 *   D:4 [(*

Portals:
Trove: D:10 (give +6 demon trident)

Annotations:
D:6 2 transporters, pazhot's ghost, novice HOFi
D:9 3 runed translucent doors, Zeia's ghost, novice DsNe Gauntlet 9 transporters, exclusion: lightning spire


Message History

Aiming: Stone Arrow (safe; 1% risk of failure)
Press: ? - help, Shift-Dir - straight line, f - crimson imp
Aim: a crimson imp (66% to hit)
The stone arrow hits the crimson imp.
The crimson imp is moderately wounded.
The liquid fire burns you!
The crimson imp hits you but does no damage.
Casting: Stone Arrow (safe; 1% risk of failure)
Confirm with . or Enter, or press ? or * to list all spells.
Aiming: Stone Arrow (safe; 1% risk of failure)
Press: ? - help, Shift-Dir - straight line, f/p - crimson imp
Aim: a crimson imp (moderately wounded, 66% to hit)
The stone arrow hits the crimson imp!!
You kill the crimson imp!
Vehumet accepts your kill.
You feel your power returning. The liquid fire burns you!
Casting: Stone Arrow (safe; 1% risk of failure)
Confirm with . or Enter, or press ? or * to list all spells.
Aiming: Stone Arrow (safe; 1% risk of failure)
Press: ? - help, Shift-Dir - straight line, f - crimson imp
Aim: a crimson imp (66% to hit)
The stone arrow hits the crimson imp!!
You kill the crimson imp!
Vehumet accepts your kill. The liquid fire burns you!
Casting: Stone Arrow (safe; 1% risk of failure)
Confirm with . or Enter, or press ? or * to list all spells.
Aiming: Stone Arrow (safe; 1% risk of failure)
Press: ? - help, Shift-Dir - straight line, f - crimson imp
Aim: a crimson imp (66% to hit)
The stone arrow hits the crimson imp!!
You kill the crimson imp!
Vehumet accepts your kill.
You feel your power returning. The liquid fire burns you!
* * * LOW HITPOINT WARNING * * *
You shake off some of the fire as you move.
The liquid fire burns you!
You die...

## ### ### ### ### ### ### ### ##
8# #8# #8# #8# #8# #8# #8# #8# #8
#################################
.................................
.................................
########...###########...########
.......#.8.####©@.##.#.8.#t..^#.^
....P..#...###.##..^.#...#..^#..#
#...#..#####...##.##.#####..#P.#P
...P...#...###....##.#...#.#..#..
..©...©#©.©###.##.#.©#©.©##.©#.^#
P.....[#...#4..##.##[#...#.#..#P.
#P.P#..#######...^##?#####..#P.#P
.......#...###.##....#...#...#..#
.......#...#..5#####.#...#...^#.^


There were no monsters in sight!

Vanquished Creatures
  3 two-headed ogres
  3 orc knights (Bailey)
  A manticore (D:8)
  A rust devil (Gauntlet)
  A smoke demon (Gauntlet)
  Joseph (D:7)
  Maggie (D:7)
  An unseen horror skeleton (D:8)
  Sigmund (D:4)
  4 yaks (D:8)
  2 shadows
  A ynoxinul (Gauntlet)
  2 acid dragons
  2 water moccasins (D:8)
  7 orc warriors
  A black bear (D:5)
  2 sky beasts
  6 centaurs
  A crocodile (Sewer)
  2 ogres
  Blork the orc (D:4)
  4 bullfrogs
  3 kobold brigands
  2 scorpions (D:5)
  A wyvern zombie (D:8)
  13 wights
  A burial acolyte (D:8)
  9 killer bees
  A centaur zombie (D:8)
  6 howler monkeys
  4 crimson imps (Gauntlet)
  7 hounds
  2 bombardier beetles (D:5)
  A human zombie (D:8)
  A gnoll bouda (D:6)
  6 orc priests
  An iguana (D:6)
  2 jellies (D:6)
  2 iron imps (Gauntlet)
  3 sleepcaps (D:6)
  8 orc wizards
  A killer bee zombie (D:8)
  Robin (D:3)
  25 gnolls
  2 howler monkey skeletons (D:8)
  8 adders
  2 white imps
  4 ufetubi (D:6)
  2 dart slugs
  7 ribbon worms
  46 orcs
  9 ball pythons
  10 bats
  5 endoplasms
  4 giant cockroaches
  30 goblins
  8 hobgoblins
  5 quokkas
  3 frilled lizards
  14 kobolds
  7 rats
314 creatures vanquished.

Vanquished Creatures (others)
  234 foxfires
234 creatures vanquished.

Grand Total: 548 creatures vanquished

Notes
Turn   | Place    | Note
-------+----------+-------------------------------------------
     0 | D:1      | pokeman the Deep Elf Hedge Wizard began the quest for the
                  | Orb.
     0 | D:1      | Reached XP level 1. HP: 10/10 MP: 7/7
   211 | D:1      | Reached XP level 2. HP: 15/15 MP: 5/9
   459 | D:1      | Found a faded altar of an unknown god.
   826 | D:1      | Reached skill level 5 in Spellcasting
   826 | D:1      | Reached XP level 3. HP: 16/20 MP: 1/11
   830 | D:1      | Learned a level 3 spell: Mephitic Cloud
   833 | D:1      | Learned a level 2 spell: Call Imp
   836 | D:1      | Learned a level 2 spell: Blink
  1296 | D:2      | Reached skill level 1 in Armour
  1461 | D:2      | Reached skill level 1 in Fighting
  1464 | D:2      | Reached XP level 4. HP: 25/25 MP: 8/13
  2357 | D:3      | Reached skill level 6 in Spellcasting
  2362 | D:3      | Reached XP level 5. HP: 5/29 MP: 2/15
  2474 | D:3      | Noticed Robin
  2475 | D:3      | Found a glowing drain.
  2603 | D:3      | Killed Robin
  2628 | Sewer    | Entered a sewer
  2714 | Sewer    | Noticed a crocodile
  2736 | Sewer    | HP: 1/26 [poisoned by an adder]
  2748 | Sewer    | Killed a crocodile
  2749 | Sewer    | Reached skill level 1 in Evocations
  2749 | Sewer    | Reached XP level 6. HP: 11/34 MP: 12/17
  2942 | Sewer    | Reached skill level 7 in Spellcasting
  2948 | Sewer    | Reached skill level 1 in Alchemy
  3145 | Sewer    | Reached skill level 1 in Air Magic
  3232 | D:3      | Found Gozag's Platinum Reserve.
  3417 | D:3      | Found an opulent altar of Gozag.
  3961 | D:4      | Noticed Blork the orc
  3979 | D:4      | Killed Blork the orc
  3980 | D:4      | Reached XP level 7. HP: 29/39 MP: 13/20
  4256 | D:4      | Found Ciluh's General Store.
  4265 | D:4      | Bought a scroll of identify for 24 gold pieces
  4265 | D:4      | Bought a scroll of revelation for 90 gold pieces
  4265 | D:4      | Bought a scroll of identify for 24 gold pieces
  4308 | D:4      | Found Zugiarr's Antique Armour Boutique.
  4319 | D:4      | Reached skill level 8 in Spellcasting
  4618 | D:4      | Found Gogiod's Antique Weapon Shop.
  5003 | D:4      | Noticed Sigmund
  5018 | D:4      | Killed Sigmund
  5165 | D:5      | Entered Level 5 of the Dungeon
  5184 | D:5      | Reached skill level 9 in Spellcasting
  5272 | D:5      | Reached XP level 8. HP: 40/44 MP: 17/23
  5492 | D:5      | Reached skill level 1 in Necromancy
  5502 | D:5      | Reached skill level 5 in Conjurations
  5773 | D:5      | Found a bloodstained altar of Trog.
  6084 | D:5      | Reached skill level 10 in Spellcasting
  6173 | D:5      | HP: 1/42 [wight/+3 flail (11)]
  6757 | D:6      | Learned a level 3 spell: Stone Arrow
  6855 | D:6      | Reached skill level 1 in Earth Magic
  7057 | D:6      | Reached XP level 9. HP: 35/49 MP: 16/25
  7061 | D:6      | Reached skill level 11 in Spellcasting
  7213 | D:6      | Found a transporter.
  7217 | D:6      | Found a transporter.
  7217 | D:6      | Noticed pazhot's ghost (novice HOFi)
  7494 | D:6      | Found a snail-covered altar of Cheibriados.
  8249 | D:7      | Learned a level 6 spell: Starburst
  8345 | D:7      | Noticed Maggie
  8352 | D:7      | Killed Maggie
  8353 | D:7      | Reached skill level 1 in Fire Magic
  8532 | D:7      | Noticed Joseph
  8539 | D:7      | Killed Joseph
  8540 | D:7      | Reached skill level 12 in Spellcasting
  8796 | D:7      | Found a staircase to the Ecumenical Temple.
  8805 | Temple   | Entered the Ecumenical Temple
  8813 | Temple   | Became a worshipper of Vehumet
  9385 | D:8      | Reached XP level 10. HP: 56/56 MP: 21/28
  9518 | D:8      | Reached skill level 13 in Spellcasting
  9648 | D:8      | Noticed a manticore
  9655 | D:8      | Killed a manticore
  9729 | D:8      | Found a sacrificial altar of Ru.
 10643 | D:8      | Found an ancient bone altar of Kikubaaqudgha.
 10955 | D:8      | Reached * piety under Vehumet
 10955 | D:8      | Offered knowledge of Foxfire by Vehumet.
 11053 | D:8      | Learned a level 1 spell: Foxfire
 11333 | D:9      | Found a runed translucent gate.
 11333 | D:9      | Found a runed translucent gate.
 11333 | D:9      | Found an opulent altar of Gozag.
 11334 | D:9      | Found a runed translucent gate.
 11336 | D:9      | Noticed a centaur warrior
 11336 | D:9      | Noticed Zeia's ghost (novice DsNe)
 11340 | D:9      | Noticed a boulder beetle
 11346 | D:9      | Reached skill level 14 in Spellcasting
 11389 | D:9      | Found a flagged portal.
 11431 | Bailey   | Entered a bailey
 11449 | Bailey   | Offered knowledge of Scorch by Vehumet.
 11520 | Bailey   | Reached ** piety under Vehumet
 11663 | Bailey   | Noticed an orc knight
 11768 | Bailey   | Noticed an orc knight
 11769 | Bailey   | Noticed an orc knight
 11771 | Bailey   | Reached skill level 5 in Fighting
 11775 | Bailey   | Killed an orc knight
 11776 | Bailey   | Reached skill level 5 in Fire Magic
 11782 | Bailey   | Killed an orc knight
 11783 | Bailey   | Reached XP level 11. HP: 63/63 MP: 26/31
 11818 | Bailey   | Killed an orc knight
 12034 | Bailey   | Found the +8 orange crystal plate armour {Archmagi, Int+3
                  | Clar}
 12037 | Bailey   | Identified the +8 great sword of Hell's Wrath {venom,
                  | rElec}
 12172 | D:9      | Noticed a two-headed ogre
 12181 | D:9      | Killed a two-headed ogre
 12249 | D:9      | Found a staircase to the Lair.
 12279 | D:9      | Found a broken altar of Ashenzari.
 12289 | D:9      | Reached skill level 15 in Spellcasting
 12540 | D:10     | Entered Level 10 of the Dungeon
 12660 | D:10     | Found a portal to a secret trove of treasure.
 12686 | D:10     | Learned a level 5 spell: Freezing Cloud
 12693 | D:10     | Noticed a two-headed ogre
 12698 | D:10     | Killed a two-headed ogre
 12877 | D:10     | Reached skill level 1 in Ice Magic
 12906 | D:10     | Noticed a two-headed ogre
 12910 | D:10     | Killed a two-headed ogre
 13405 | D:11     | Found a gate leading to a gauntlet.
 13416 | Gauntlet | Entered a Gauntlet
 13416 | Gauntlet | Found a transporter.
 13416 | Gauntlet | Found a transporter.
 13416 | Gauntlet | Found a transporter.
 13426 | Gauntlet | Found a transporter.
 13429 | Gauntlet | Found a transporter.
 13429 | Gauntlet | Found a transporter.
 13445 | Gauntlet | Found a transporter.
 13447 | Gauntlet | Found a transporter.
 13465 | Gauntlet | Found a transporter.
 13558 | Gauntlet | Found a transporter.
 13559 | Gauntlet | Found a transporter.
 13571 | Gauntlet | Noticed a lightning spire
 13572 | Gauntlet | Found a transporter.
 13864 | Gauntlet | Offered knowledge of Hailstorm by Vehumet.
 13873 | Gauntlet | Incinerated by a smoke demon

Illustrated notes

Levels and vault maps discovered:
D:1:      onia_arrival_mini_maze_b, layout_loops_ring, basic_ecumenical_altar,
          roderic_roman_lattice
D:2:      layout_loops_ring
D:3:      layout_loops_ring, nicolae_gozag_zags_fifth_avenue,
          cheibrodos_sewer_entry_drain, kennysheep_nondescript, uniq_robin
D:4:      layout_basic, serial_shops, nicolae_shop_hallway_stairs,
          nicolae_shop_behind_doors, shop_statue, minmay_cupped,
          uniq_blork_the_orc, uniq_sigmund
D:5:      layout_loops_ring, mainiacjoe_overflow_catwalk
D:6:      layout_loops_ring, general_overflow_altar, gammafunk_ghost_hive
D:7:      layout_loops_ring, minmay_temple_entry_poolview, uniq_joseph,
          uniq_maggie
D:8:      layout_layer_cave, lemuel_mausoleum_altar_kikubaaqudgha,
          nicolae_ru_sacrificial_ziggurat
D:9:      layout_rooms, lemuel_doored_altar, lair_entry_dummy,
          ebering_ghost_gozag, enter_bailey_5
D:10:     layout_roguey, enter_trove_3
D:11:     layout_basic, gauntlet_entry_generic, serial_shops,
          nicolae_shop_rolling_square, gammafunk_ghost_nasty_kobolds
Temple:   compressed_dpeg_triangle_lava_temple
Gauntlet: gammafunk_gauntlet_hard_choice [nicolae_gauntlet_arena_grate_2,
          gammafunk_gauntlet_arena_hedges, gammafunk_gauntlet_arena_chambers,
          gammafunk_gauntlet_arena_crates, gammafunk_gauntlet_arena_open,
          gammafunk_gauntlet_arena_arrow_garden,
          dreamdust_gauntlet_exit_labyrinth]

Skill      XL: |  1  2  3  4  5  6  7  8  9 10 11 |
---------------+----------------------------------+-----
Spellcasting   | 5 6 7 9 10 12 14 15 | 15.7
Armour         | 1 2 3 4 |  4.3
Fighting       | 1 2 4 5 |  5.0
Conjurations   | 2 3 4 5 7 8 9 |  9.2
Dodging        | 3 |  3.0
Stealth        | 3 |  3.1
Evocations     | 1 2 |  2.0
Alchemy        | 1 |  1.0
Air Magic      | 1 |  1.0
Necromancy     | 3 |  3.0
Earth Magic    | 1 3 |  3.0
Fire Magic     | 2 5 6 |  6.4
Ice Magic      | 1 |  1.0
Summonings     | |  1.1
Translocations | |  1.1

Action                     |  1- 3 |  4- 6 |  7- 9 | 10-12 || total
---------------------------+-------+-------+-------+-------++-------
  Melee: Mace              |    11 |    73 |       |       ||    84
         Short sword       |       |    23 |   104 |     8 ||   135
         Punch             |       |       |     1 |     1 ||     2
         Whip              |       |       |       |    15 ||    15
         Great sword       |       |       |       |     2 ||     2
   Cast: Magic Dart        |    76 |   117 |   147 |     5 ||   345
         Mephitic Cloud    |     1 |    13 |    24 |    13 ||    51
         Call Imp          |       |     1 |     3 |     2 ||     6
         Stone Arrow       |       |       |    62 |   101 ||   163
         Blink             |       |       |     2 |     1 ||     3
         Foxfire           |       |       |       |   130 ||   130
    Use: Potion            |       |     2 |       |       ||     2
         Scroll            |       |       |       |     1 ||     1
   Stab: Confused          |       |    12 |    12 |     1 ||    25
         Sleeping          |       |       |     1 |       ||     1
 Armour: Robe              |    10 |    64 |    55 |       ||   129
         Steam dragon scal |       |       |     5 |    62 ||    67
         Acid dragon scale |       |       |       |    20 ||    20
  Dodge: Dodged            |    22 |    72 |    88 |    63 ||   245

Table legend: (Time is in decaauts)
 A = Elapsed time spent in this place.
 B = Non-inter-level travel time spent in this place.
 C = Inter-level travel time spent in this place.
 D = Time resting spent in this place.
 E = Time spent auto-exploring this place.
 F = Levels seen in this place.
 G = Mean time per level.
                   A        B        C        D        E       F      G
               +--------+--------+--------+--------+--------+-----+--------+
         Total |  13969 |  13524 |    445 |    783 |  10248 |  15 |  931.3 |
       Dungeon |  12175 |  11737 |    438 |    616 |   9289 |  11 | 1106.8 |
        Temple |     16 |      9 |      7 |      0 |      0 |   1 |   16.0 |
         Sewer |    643 |    643 |      0 |     53 |    433 |   1 |  643.0 |
        Bailey |    675 |    675 |      0 |      0 |    525 |   1 |  675.0 |
      Gauntlet |    458 |    458 |      0 |    114 |      0 |   1 |  458.0 |
               +--------+--------+--------+--------+--------+-----+--------+

Top non-repeatable levels by time:
     D:8: 2125 daAuts
     D:5: 1494 daAuts
     D:4: 1391 daAuts
     D:6: 1387 daAuts
     D:2: 1177 daAuts
     D:1: 1134 daAuts
     D:7: 1108 daAuts
     D:3: 906 daAuts
    D:10: 860 daAuts
  Bailey: 675 daAuts
   Sewer: 643 daAuts
     D:9: 573 daAuts
Gauntlet: 458 daAuts
  Temple: 16 daAuts
    D:11: 15 daAuts
